 Dungeon Crawl Stone Soup version 0.25.1-8-g42b30a86e7 (webtiles) character file.

Game seed: 1057959412124442558

14 Destapler the Skirmisher (level 2, -5/19 HPs)
             Began as a Gargoyle Monk on Dec 19, 2020.
             Killed from afar by Terence (6 damage)
             ... with a puff of flame
             ... on level 2 of the Dungeon.
             The game lasted 00:02:51 (1057 turns).

Destapler the Skirmisher (Gargoyle Monk)            Turns: 1057, Time: 00:02:52

Health: -5/19      AC: 12    Str: 14    XL:     2   Next: 45%
Magic:  2/2        EV: 12    Int: 10    God:
Gold:   70         SH:  0    Dex: 12    Spells: 1/1 levels left

rFire    . . .     SeeInvis .   a - +3 short sword (protect)
rCold    . . .     Gourm    .   (no shield)
rNeg     + . .     Faith    .   b - +0 robe
rPois    ∞         Spirit   .   (no helmet)
rElec    +         Reflect  .   (no cloak)
rCorr    .         Harm     .   q - +0 pair of gloves
MR       .....                  (no boots)
Stlth    ++........             (no amulet)
HPRegen  0.06/turn              (no ring)
MPRegen  0.08/turn              (no ring)

@: protection aura
A: negative energy resistance 1, electricity resistance, unbreathing,
petrification resistance, rot immunity, AC +2
a: no special abilities


You were on level 2 of the Dungeon.
You were not hungry.

You visited 1 branch of the dungeon, and saw 2 of its levels.

You collected 70 gold pieces.

Inventory:

Hand Weapons
 a - a +3 short sword of protection (weapon)
 n - a +0 dagger of electrocution
Armour
 b - a +0 robe (worn)
 q - a +0 pair of gloves (worn)
Jewellery
 h - a +6 ring of dexterity {unknown}
Scrolls
 g - a scroll of enchant armour {unknown}
 i - a scroll of teleportation {unknown}
 j - a scroll of amnesia {unknown}
 m - a scroll of immolation {unknown}
 o - 2 scrolls of identify {unknown}
 p - a scroll of magic mapping {unknown}
 r - a scroll of remove curse {unknown}
Potions
 e - 2 potions of resistance {unknown}
 f - 5 potions of curing {unknown}
 k - a potion of flight {unknown}
 l - a potion of mutation {unknown}
 s - a potion of lignification {unknown}
Comestibles
 c - a ration


   Skills:
 + Level 3.5 Fighting
   Level 3.1 Maces & Flails
 + Level 0.5 Throwing
 + Level 0.8 Armour
 - Level 2.4 Dodging
 + Level 2.5 Stealth


You had one spell level left.
You didn't know any spells.
Your spell library was empty.

Dungeon Overview and Level Annotations

Branches:
Dungeon (2/15)

Altars:

Annotations:
D:2 Terence


Innate Abilities, Weirdness & Mutations

You are resistant to torment.
Your stone body is resilient. (AC +2)
You are immune to poison.
You resist negative energy. (rN+)
You are resistant to electric shocks. (rElec)
You can survive without breathing.
You are immune to petrification.
You are immune to rotting.


Message History

Terence is moderately wounded.
The goblin closely misses you. Terence closely misses you.
You hit the goblin.
The goblin is severely wounded.
The goblin barely misses you. Terence hits you but does no damage.
The goblin hits you but does no damage.
You closely miss the goblin.
The goblin is severely wounded.
Terence hits you with a cursed +0 hand axe.
The goblin barely misses you.
You barely miss the goblin.
The goblin is severely wounded.
The goblin hits you.
Terence zaps a wand.
The puff of flame hits you!
Ouch! That really hurt!
* * * LOW HITPOINT WARNING * * *
You closely miss the goblin.
The goblin is heavily wounded.
The goblin hits you but does no damage.
Terence zaps a wand.
The puff of flame hits you.
You die...

# #. ##.#
###..g##
#....@@#######
#.#.....<.....#
#......#####.#
#.#...##
......# ##.###
... ##


You could see Terence and a goblin.

Vanquished Creatures
  A dart slug (D:1)
  2 hobgoblins (D:1)
  3 kobolds (D:1)
  3 bats (D:1)
  4 rats
13 creatures vanquished.

Notes
Turn   | Place    | Note
-------+----------+-------------------------------------------
     0 | D:1      | Destapler the Gargoyle Monk began the quest for the Orb.
     0 | D:1      | Reached XP level 1. HP: 14/14 MP: 1/1
   225 | D:1      | Reached XP level 2. HP: 11/19 MP: 2/2
  1045 | D:2      | Noticed Terence
  1057 | D:2      | Killed from afar by Terence

Illustrated notes

Levels and vault maps discovered:
D:1:      wheals_arrival_linesprint, layout_basic
D:2:      layout_loops_ring, minivault_11, yredelemnul_altar_generic,
          uniq_terence

Action                   || total
-------------------------++-------
Melee: Mace              ||    18
       Short sword       ||    23
 Stab: Sleeping          ||     3
Armor: Robe              ||    30
Dodge: Dodged            ||    41
